 Dungeon Crawl Stone Soup version 0.17.2-1-ge4368a0 (webtiles) character file.

27 magog001 the Ducker (level 2, 0/14 HPs)
             Began as a Felid Berserker on Oct 2, 2016.
             Was a Follower of Trog.
             Succumbed to an adder's poison
             ... on level 2 of the Dungeon.
             The game lasted 00:11:31 (1171 turns).

magog001 the Ducker (Felid Berserker)               Turns: 1171, Time: 00:11:32

Health: 0/14       AC:  1    Str: 13    XL:     2   Next: 93%
Magic:  3/3        EV: 19    Int:  8    God:    Trog [*.....]
Gold:   91         SH:  0    Dex: 15    Spells: 0 memorised, 1 level left
                                        Lives:  0   Deaths: 0

rFire  . . .     SeeInvis +       - Unarmed
rCold  . . .     Clarity  .     (armour unavailable)
rNeg   . . .     SustAt   .     (shield unavailable)
rPois  .         Gourm    .     (helmet unavailable)
rElec  .         Spirit   .     (cloak unavailable)
rCorr  .         Warding  .     (gloves unavailable)
rMut   .         Stasis   .     (boots unavailable)
MR     .....                    (no amulet)
Stlth  ++........               (no ring)
                                (no ring)

@: lethally poisoned (0 -> -3), quick, not resistant to hostile enchantments,
unstealthy
A: no armour, no weapons or thrown items, claws 1, fangs 3, see invisible,
carnivore 3, speed 1, shaggy fur 1, slow metabolism 1, sharp paws
a: Berserk, Burn Spellbooks, Renounce Religion


You were on level 2 of the Dungeon.
You worshipped Trog.
Trog was aware of your devotion.
You were full.

You visited 1 branch of the dungeon, and saw 2 of its levels.

You collected 91 gold pieces.

Inventory:

Scrolls
 b - a scroll of teleportation {unknown}
 c - a scroll of noise {unknown}
 d - a scroll of remove curse {unknown}
 e - a scroll of enchant armour {unknown}
 g - a scroll of recharging {unknown}
 i - a scroll of identify {unknown}
Comestibles
 a - 2 meat rations
 h - 6 chunks of flesh
 j - a beef jerky


   Skills:
 + Level 3.3 Fighting
 + Level 4.5 Dodging
 + Level 1.1 Stealth
 + Level 3.4 Unarmed Combat


You had one spell level left.
You didn't know any spells.

Dungeon Overview and Level Annotations

Branches:
Dungeon (2/15)

Altars:
Ashenzari
Fedhas
Okawaru
Xom


Innate Abilities, Weirdness & Mutations

You cannot wear armour.
You are incapable of wielding weapons or throwing items.
You have sharp claws.
You have razor-sharp teeth.
You have supernaturally acute eyesight.
You are carnivorous and can eat meat at any time.
You cover ground quickly.
You are covered in fur (AC +1).
You have a slow metabolism.
Your sharp claws are effective at attacking unaware monsters.


Message History

You scratch the hobgoblin.
The hobgoblin is almost dead.
The hobgoblin hits you.
You scratch the hobgoblin.
You kill the hobgoblin!
Trog accepts your kill.
* * * LOW HITPOINT WARNING * * *
You feel sick.
There is a lethal amount of poison in your body!
There is a lethal amount of poison in your body!
It was a potion of magic.
Magic courses through your body.
* * * LOW HITPOINT WARNING * * *
You feel sick.
* * * LOW HITPOINT WARNING * * *
You feel sick.
* * * LOW HITPOINT WARNING * * *
You feel sick.
* * * LOW HITPOINT WARNING * * *
You feel sick.
You die...

#. ###.. ..... ......
...... ....#.### #.#
........######.....
....#......@.......
.?. ###.######.....
... #.# ...
#.###.###### .
#...†......###
#....†....##_##
#........##...# .
#...>%..####'####
.###......##.#...#.##


There were no monsters in sight!

Vanquished Creatures
  An adder (D:2)
  2 giant cockroaches
  A goblin (D:1)
  4 hobgoblins
  2 kobolds (D:1)
  4 bats
  2 giant newts (D:1)
  2 rats (D:1)
18 creatures vanquished.

Notes
Turn   | Place    | Note
--------------------------------------------------------------
     0 | D:1      | magog001 the Felid Berserker began the quest for the Orb.
     0 | D:1      | Reached XP level 1. HP: 10/10 MP: 2/2
   512 | D:1      | Reached XP level 2. HP: 7/14 MP: 3/3
   729 | D:1      | Found an iron altar of Okawaru.
  1059 | D:2      | Found a blossoming altar of Fedhas.
  1099 | D:2      | Found a shimmering altar of Xom.
  1103 | D:2      | Found an iron altar of Okawaru.
  1107 | D:2      | Found a shattered altar of Ashenzari.
  1146 | D:2      | Reached skill level 1 in Stealth
  1171 | D:2      | Succumbed to an adder's poison

Action                   || total
-------------------------++-------
Melee: Unarmed           ||    53
  Use: Potion            ||     1
 Stab: Sleeping          ||     4
       Distracted        ||     1
  Eat: Chunk             ||     4
